 Dungeon Crawl Stone Soup version 0.27.1-33-g824d729ab1 (webtiles) character file.

Game seed: 3368018815772978125

133 vivovinco the Vexing (level 4, -6/27 HPs)
             Began as a Vampire Enchanter on Dec 28, 2021.
             Mangled by an ogre (7 damage)
             ... on level 3 of the Dungeon.
             The game lasted 00:27:08 (3854 turns).

vivovinco the Vexing (Vampire Enchanter)            Turns: 3854, Time: 00:27:09

Health: -6/27      AC: 10    Str:  7    XL:     4   Next: 94%
Magic:  7/7        EV: 12    Int: 18    God:
Gold:   284        SH:  0    Dex: 14    Spells: 2/8 levels left

rFire    . . .     SeeInvis +   a - +1 dagger (vorpal)
rCold    . . .     Faith    .   (no shield)
rNeg     . . .     Spirit   .   e - +0 steam dragon scales
rPois    .         Reflect  .   p - +0 helmet
rElec    .         Harm     .   (no cloak)
rCorr    .         Rampage  .   (no gloves)
Will     .....                  (no boots)
Stlth    +++.......             (no amulet)
HPRegen  0.29/turn              d - +4 ring of protection
MPRegen  0.10/turn              (no ring)

@: very slightly contaminated, healing quickly, invisible
A: alive, fangs 3, see invisible, vampiric 2, [frail 1]
a: Exsanguinate


You were on level 3 of the Dungeon.
You visited 1 branch of the dungeon, and saw 4 of its levels.

You collected 284 gold pieces.

Inventory:

Hand Weapons
 a - a +1 vorpal dagger (weapon)
 b - a +2 vorpal falchion
 o - a +0 whip of electrocution
Missiles
 g - 146 stones (quivered)
 h - 14 bolts
 k - 22 arrows
Armour
 e - +0 steam dragon scales (worn)
 j - a +0 robe
 p - a +0 helmet (worn)
Jewellery
 d - a +4 ring of protection (left hand)
Scrolls
 f - 2 scrolls of identify
Potions
 i - a potion of might {unknown}
 n - a potion of degeneration {unknown}
 r - 2 potions of curing {unknown}


   Skills:
 + Level 0.1 Fighting
 + Level 2.3 Short Blades
 + Level 2.5 Dodging
 + Level 5.7 Stealth
 + Level 2.5 Spellcasting
 + Level 6.1 Hexes


You had 2 spell levels left.
You knew the following spells:

 Your Spells              Type           Power      Damage    Failure   Level
a - Corona                Hex            26%        N/A       1%          1
b - Ensorcelled Hibernat  Hex/Ice        26%        N/A       8%          2
c - Confusing Touch       Hex            24%        N/A       4%          3

Your spell library contained the following spells:

 Spells                   Type           Power      Damage    Failure   Level
 Tukima's Dance           Hex            24%        N/A       4%          3
 Dazzling Flash           Conj/Hex       26%        N/A       14%         3


Dungeon Overview and Level Annotations

Branches:
Dungeon (4/15)
 Temple: D:4-7

Altars:
Kikubaaqudgha

Shops:
D:4 :


Innate Abilities, Weirdness & Mutations

Your natural rate of healing is accelerated.
You have razor-sharp teeth.
You have supernaturally acute eyesight. (SInv)
You are afflicted with vampirism and can become a bat while bloodless.
[You are frail. (-10% HP)]


Message History

You kill the worm!
Magic restored.
Found an amethyst potion.
i - an amethyst potion You see here 5 large rocks.
You now have 284 gold pieces (gained 12).
Done exploring.
(D) Dungeon
Where to? (Enter - D:3, ? - help)
There is a stone staircase leading down here.
You climb downwards.
There is a stone staircase leading up here.
g - 146 stones (gained 25)
There is an entrance to Ceidehuo's Book Shoppe here.
You can access your shopping list by pressing '$'.
Found a stone staircase leading down. 2 adders come into view.
An ogre comes into view. It is wielding a +0 giant spiked club.
The ogre shouts!
You hear an angry hiss.
Casting: Ensorcelled Hibernation (safe; 8% risk of failure)
Confirm with . or Enter, or press ? or * to list all spells.
Aiming: Ensorcelled Hibernation (safe; 8% risk of failure)
Press: ? - help, Shift-Dir - straight line, f - ogre
Aim: an ogre, wielding a +0 giant spiked club (chance to affect: 44%)
Okay, then.
The ogre hits you with a +0 giant spiked club!
Ouch! That really hurt!
There is a stone staircase leading up here.
The adder bites you but does no damage.
You climb upwards.
There is a stone staircase leading down here.
You fade into invisibility!
The adder closely misses you.
The ogre hits you with a +0 giant spiked club!
* * * LOW HITPOINT WARNING * * *
The adder misses you.
You are very lightly contaminated with residual magic.
You hit the ogre but do no damage.
The ogre hits you with a +0 giant spiked club!
You die...

###.# #...##########
#...# #.###
#########.#.# #.#
#<........#.#######.#
#######
##.#########.>.......#
#...... ......#
#####...#### #.#####
#####.#
#..........######.# # #
#.# #.###SO.........(.#
# # #.#####.#
##@###.######## # #
#.......# #...........#
# #####.#####.#
#..##.#####.######
..<...#
#.####..##.#...........
##†####
#.......#....###.######
#.#
#............###.######
#.#
#.####.##..............
#.# #.#
#.###.#.###.#####. #.#
#.# #.# #.#.# #.# #.


You could see an ogre and an adder.

Vanquished Creatures
  A hound (D:3)
  Robin (D:2)
  An adder (D:2)
  2 worms (D:3)
  3 dart slugs
  2 bats
  4 endoplasms
  4 giant cockroaches
  11 goblins
  6 hobgoblins (D:2)
  7 jackals (D:3)
  A quokka (D:1)
  9 ball pythons
  3 frilled lizards
  7 kobolds
  3 rats
65 creatures vanquished.

Vanquished Creatures (others)
  A plant (D:2)
1 creature vanquished.

Grand Total: 66 creatures vanquished

Notes
Turn   | Place    | Note
-------+----------+-------------------------------------------
     0 | D:1      | vivovinco the Vampire Enchanter began the quest for the
                  | Orb.
     0 | D:1      | Reached XP level 1. HP: 13/13 MP: 3/3
   318 | D:1      | Reached skill level 5 in Hexes
   318 | D:1      | Reached XP level 2. HP: 19/19 MP: 5/5
   321 | D:1      | Learned a level 2 spell: Ensorcelled Hibernation
   569 | D:1      | Found a faded altar of an unknown god.
  1492 | D:2      | Gained mutation: You are afflicted with vampirism and can
                  | become a bat while bloodless. [Vampire growth]
  1492 | D:2      | Reached XP level 3. HP: 19/21 MP: 6/6
  1503 | D:2      | Learned a level 3 spell: Confusing Touch
  1685 | D:2      | Noticed Robin
  2034 | D:2      | Killed Robin
  2297 | D:2      | Reached skill level 5 in Stealth
  2361 | D:2      | Reached XP level 4. HP: 27/27 MP: 7/7
  2836 | D:4      | Found Ceidehuo's Book Shoppe.
  2918 | D:3      | Found an ancient bone altar of Kikubaaqudgha.
  3271 | D:3      | Reached skill level 6 in Hexes
  3831 | D:4      | Noticed an ogre
  3853 | D:3      | HP: 1/27 [ogre (10)]
  3854 | D:3      | Mangled by an ogre

Illustrated notes

Levels and vault maps discovered:
D:1:      dpeg_arrival_three_smaller_balls, layout_basic,
          ebering_ecumenical_altar_rust, minmay_close_crescents
D:2:      layout_loops_ring, hangedman_decor_diamond_cutter,
          guppyfry_early_lair_pool, uniq_robin
D:3:      layout_loops_ring, nicolae_kikubaaqudgha_miasma_corner
D:4:      layout_basic, nicolae_stop_n_shop_2

Skill      XL: |  1  2  3  4 |
---------------+-------------+-----
Hexes          | 5 6 |  6.1
Short Blades   | 2 |  2.3
Stealth        | 5 |  5.7
Fighting       | |  0.1
Dodging        | |  2.5
Spellcasting   | |  2.5

Action                   |  1- 3 |  4- 6 || total
-------------------------+-------+-------++-------
Melee: Dagger            |   103 |    31 ||   134
       Bite              |     5 |     3 ||     8
       Falchion          |       |    15 ||    15
Throw: Stone             |     3 |       ||     3
 Cast: Corona            |     4 |       ||     4
       Ensorcelled Hiber |    29 |    15 ||    44
       Confusing Touch   |     1 |       ||     1
 Abil: Exsanguinate      |     1 |       ||     1
       Revivify          |     1 |       ||     1
  Use: Scroll            |       |     7 ||     7
       Potion            |       |     1 ||     1
 Stab: Sleeping          |    27 |     9 ||    36
       Confused          |     1 |       ||     1
Armor: Robe              |    25 |    16 ||    41
       Steam dragon scal |       |     5 ||     5
Dodge: Dodged            |    45 |    28 ||    73
       Rpst.: Falchion   |       |     4 ||     4
